 Dungeon Crawl Stone Soup version 0.20-a0-509-ga2a529b (webtiles) character file.

53 M4edhros the Vexing (level 4, -5/32 HPs)
             Began as a Formicid Arcane Marksman on Jan 22, 2017.
             Slain by a gnoll
             ... wielding a +0 spear
              (7 damage)
             ... on level 3 of the Dungeon.
             The game lasted 00:01:17 (1146 turns).

M4edhros the Vexing (Formicid Arcane Marksman)      Turns: 1146, Time: 00:01:17

Health: -5/32      AC:  2    Str: 19    XL:     4   Next: 11%
Magic:  5/5        EV: 12    Int: 13    God:
Gold:   58         SH:  0    Dex: 12    Spells: 4/5 levels left

rFire    + . .     SeeInvis +   i - +1 short sword (elec)
rCold    . . .     Gourm    .   e - +0 robe
rNeg     . . .     Faith    .   (no shield)
rPois    .         Spirit   .   (helmet unavailable)
rElec    .         Reflect  .   (no cloak)
rCorr    .         Harm     .   (no gloves)
MR       .....                  (no boots)
Stlth    ++........             (no amulet)
Regen    0.1/turn               (no ring)
                                l - ring of protection from fire

@: mighty
A: permanent stasis, dig shafts and tunnels, four strong arms, antennae 3
a: Dig, Shaft Self


You were on level 3 of the Dungeon.
You were not hungry.

You visited 1 branch of the dungeon, and saw 3 of its levels.

You collected 58 gold pieces.

Inventory:

Hand Weapons
 a - a +0 hand crossbow
 i - a +1 short sword of electrocution (weapon)
Missiles
 d - 19 bolts
Armour
 e - a +0 robe (worn)
Jewellery
 l - a ring of protection from fire (left hand)
Scrolls
 b - 2 scrolls of remove curse {unknown}
 g - a scroll of random uselessness {unknown}
 h - 2 scrolls of enchant armour {unknown}
 m - a scroll of teleportation {unknown}
 n - 2 scrolls of identify {unknown}
 o - a scroll of enchant weapon {unknown}
 r - 2 scrolls of blinking {unknown}
Potions
 k - a potion of resistance {unknown}
 q - a potion of degeneration {unknown}
 t - 2 potions of might
Books
 c - a book of Debilitation

   Spells                             Type                      Level
   a - Corona                         Hexes                        1
   b - Slow                           Hexes                        2
   c - Gell's Gravitas                Hexes/Translocation          3
   d - Inner Flame                    Hexes/Fire                   3
   e - Cause Fear                     Hexes                        4
   f - Leda's Liquefaction            Hexes/Earth                  4
Comestibles
 f - a bread ration
 j - a meat ration
 s - a royal jelly
 u - 9 chunks of flesh


   Skills:
 - Level 1.1 Fighting
 * Level 1.3 Short Blades
 * Level 3.0 Crossbows
 + Level 1.9 Dodging
 * Level 2.0 Stealth
 - Level 1.1 Spellcasting
 - Level 3.8 Hexes


You had 4 spell levels left.
You knew the following spells:

 Your Spells              Type           Power        Failure   Level  Hunger
a - Corona                Hex            ##.....      8%          1    ##.....


Dungeon Overview and Level Annotations

Branches:
Dungeon (3/15)

Altars:
Fedhas


Innate Abilities, Weirdness & Mutations

You cannot be hasted, slowed, berserked, paralysed or teleported.
You can dig through walls and to a lower floor.
Your four strong arms can wield two-handed weapons with a shield.
You have a pair of large antennae on your head. (SInv)


Message History

The gnoll barely misses you.
You feel better. The gnoll closely misses you. The gnoll hits you with a spear.
You barely miss the gnoll. The gnoll closely misses you.
The gnoll hits you with a spear.
You hit the gnoll.
The gnoll is heavily wounded.
The gnoll hits you with a spear!
* * * LOW HITPOINT WARNING * * *
The gnoll completely misses you.
You barely miss the gnoll.
The gnoll is heavily wounded.
The gnoll hits you with a spear!
* * * LOW HITPOINT WARNING * * *
The gnoll barely misses you.
Okay, then.
You barely miss the gnoll.
The gnoll is heavily wounded.
The gnoll hits you but does no damage. The gnoll barely misses you.
The gnoll hits you with a spear!
You die...

##+#### #.....#)...
#.....# #..#.......
#.....# #..........
#.....# #......#...
#.....#.#..........
#.....#.........#..
#.....######.......
##'##.).........<..
#@##.####.#.....#.
#..)gg#.#
#.......#.
#.....#.#
#.........
#.....#.#
#..#......
####+##.#
#..#.#..#. #.#
...#.##.#. #.#
##.... .#


You could see 2 gnolls.

Vanquished Creatures
  An adder (D:3)
  A gnoll (D:3)
  2 dart slugs
  5 orcs (D:3)
  2 giant cockroaches (D:2)
  2 goblins
  2 hobgoblins
  4 kobolds
  2 bats (D:2)
  3 frilled lizards
  3 rats
27 creatures vanquished.

Notes
Turn   | Place    | Note
-------+----------+-------------------------------------------
     0 | D:1      | M4edhros the Formicid Arcane Marksman began the quest for the Orb.
     0 | D:1      | Reached XP level 1. HP: 15/15 MP: 2/2
   401 | D:1      | Reached XP level 2. HP: 21/21 MP: 3/3
   531 | D:1      | You fall through a shaft!
   802 | D:2      | Found a blossoming altar of Fedhas.
   873 | D:2      | Reached XP level 3. HP: 25/26 MP: 4/4
  1070 | D:3      | Reached skill level 1 in Stealth
  1137 | D:3      | Reached skill level 1 in Short Blades
  1137 | D:3      | Reached XP level 4. HP: 27/32 MP: 5/5
  1146 | D:3      | Slain by a gnoll

Vault maps used:
D:1:      lightli_arrival_quake, serial_bayou_lagoon_b
D:2:      overflow_temple_1_default

Skill      XL: |  1  2  3 |
---------------+----------+-----
Stealth        | 2 |  2.0
Crossbows      | 3 |  3.0
Short Blades   | 1 |  1.3
Fighting       | |  1.1
Dodging        | |  1.9
Spellcasting   | |  1.1
Hexes          | |  3.8

Action                   |  1- 3 |  4- 6 || total
-------------------------+-------+-------++-------
Melee: Short sword       |    63 |     5 ||    68
 Fire: Hand crossbow     |    11 |       ||    11
  Use: Potion            |       |     4 ||     4
  Eat: Chunk             |     1 |       ||     1
Armor: Robe              |    10 |       ||    10
Dodge: Dodged            |    54 |     9 ||    63
